[Event "TOP 12 Feminin 2023 Phase 1"]
[Site "MULHOUSE, France"]
[Date "2023.05.18"]
[Round "1.1"]
[White "MUZYCHUK, Anna"]
[Black "GUICHARD, Pauline"]
[Result "1/2-1/2"]
[ECO "C65"]
[WhiteElo "2504"]
[BlackElo "2384"]
[PlyCount "190"]
[EventDate "2023.??.??"]
[WhiteTeam "Chalons en Champagne"]
[BlackTeam "Asnieres sur Seine"]
[TimeControl "90+30"]

1. e4 {3} e5 {7} 2. Nf3 {7} Nc6 {8} 3. Bb5 {10} Nf6 {13} 4. d3 {10} Bc5 {9} 5.
c3 {7} O-O {144} 6. O-O {0} d6 {0} 7. Bg5 {0} h6 {579} 8. Bh4 {0} g5 {479} 9.
Bg3 {0} a6 {77} 10. Bxc6 bxc6 {0} 11. Nbd2 {202} Bg4 {821} 12. h3 {345} Bh5 {21
} 13. Qa4 {71} Qd7 {54} 14. d4 {306} exd4 {30} 15. Nxd4 {491} Bb6 {144} 16. Kh2
{1119} c5 {1098} 17. Qxd7 {22} Nxd7 {3} 18. Nf5 {160} Kh7 {8} 19. f3 {275} f6 {
438} 20. Nc4 {52} Bf7 {58} 21. Nfe3 {340} Ba7 {372} 22. Rad1 {470} Nb6 {381}
23. Nxb6 {78} Bxb6 {9} 24. c4 {40} a5 {235} 25. a4 {397} Rab8 {59} 26. Rd3 {383
} Ba7 {25} 27. b3 {17} Be6 {172} 28. Be1 {223} Bb6 {6} 29. Bc3 {290} c6 {97}
30. Be1 {83} Bc7 {150} 31. Bg3 {48} Rfd8 {199} 32. Rfd1 {214} Rd7 {6} 33. Bxd6
{193} Rxd6 {39} 34. Rxd6 {6} Rxb3 {9} 35. Kg1 {329} Bxd6 {465} 36. Rxd6 {2}
Rxe3 {6} 37. Rxe6 {5} Kg7 {86} 38. Rxc6 {12} Ra3 {3} 39. Rxc5 {34} Rxa4 {144}
40. Kf2 {140} Ra2+ {0} 41. Ke3 {0} Kf7 {189} 42. g4 {0} Ra3+ {158} 43. Kf2 {0}
Ra2+ {24} 44. Kg3 {0} a4 {91} 45. Ra5 {0} Ra1 {70} 46. h4 {0} gxh4+ 47. Kxh4 {0
} a3 {3} 48. Kg3 {0} a2 {28} 49. Kf4 {43} Kg6 {15} 50. Ra6 {41} Rc1 {29} 51.
Rxa2 {6} Rxc4 {2} 52. Ra6 {22} Rb4 {79} 53. Rd6 {20} Ra4 {15} 54. Ke3 {15} Ra3+
{5} 55. Rd3 {3} Ra1 {32} 56. Kf4 {33} Ra5 {24} 57. Rd5 {75} Ra4 {48} 58. Rd6 {
36} Rb4 {38} 59. Re6 {47} Ra4 {32} 60. Re7 {11} Ra3 {38} 61. Re6 {49} Kf7 {24}
62. Rd6 {5} Kg7 {7} 63. Rd5 {51} Kg6 {16} 64. Kg3 {11} Rb3 {33} 65. Rd6 {16}
Kg7 {61} 66. Rd5 {25} Kg6 {6} 67. Rf5 {3} Ra3 {31} 68. e5 {19} fxe5 {8} 69.
Rxe5 {0} Rb3 {31} 70. Rd5 {11} Rb4 {82} 71. Rd6+ {14} Kg7 {6} 72. Rd3 {66} Kg6
{45} 73. f4 {0} Rb1 {46} 74. Rd6+ {0} Kg7 {38} 75. Kf3 {0} Rg1 {70} 76. Ra6 {0}
Re1 {1354} 77. Rc6 {0} Rg1 {30} 78. Re6 {0} Re1 {126} 79. f5 {379} Rg1 {11} 80.
Kf4 {50} Ra1 {41} 81. Rg6+ {17} Kh7 {5} 82. Rd6 {31} Kg7 {60} 83. Rd7+ {53} Kf6
{4} 84. Rh7 {26} Rf1+ {38} 85. Kg3 {4} Rg1+ {49} 86. Kf3 {4} Rh1 {14} 87. Rh8 {
19} Kg7 {51} 88. Re8 {16} h5 {34} 89. Re7+ {70} Kf8 {19} 90. Rd7 {14} hxg4+ {5}
91. Kxg4 {2} Ra1 {46} 92. Kg5 {5} Ra6 {11} 93. f6 {4} Ra1 {10} 94. Rd8+ {6} Kf7
{4} 95. Rd7+ {4} Kf8 {3} 1/2-1/2

[Event "TOP 12 Feminin 2023 Phase 1"]
[Site "MULHOUSE, France"]
[Date "2023.05.18"]
[Round "1.2"]
[White "GAPONENKO, Inna"]
[Black "ALEXIEVA, Silvia"]
[Result "1/2-1/2"]
[ECO "B82"]
[WhiteElo "2338"]
[BlackElo "2204"]
[PlyCount "75"]
[EventDate "2023.??.??"]
[WhiteTeam "Asnieres sur Seine"]
[BlackTeam "Chalons en Champagne"]
[TimeControl "90+30"]

1. e4 {9} c5 {20} 2. Nf3 {7} e6 {30} 3. d4 {130} cxd4 4. Nxd4 {0} Nc6 {0} 5.
Nc3 {0} Qc7 {0} 6. Be3 {458} a6 {0} 7. a3 {0} Nf6 {0} 8. f4 {217} d6 {624} 9.
Qf3 {0} Bd7 {348} 10. Be2 {1505} Be7 {736} 11. g4 {1669} d5 {1418} 12. exd5 {
849} Nxd5 {7} 13. Nxd5 {4} exd5 {5} 14. O-O-O {196} Rc8 {228} 15. Rd2 {178} O-O
{99} 16. Rf1 {281} Rfe8 {134} 17. Bg1 {160} Bf6 {36} 18. Bd1 {16} Re4 {199} 19.
Nb3 {223} Na5 {269} 20. Nxa5 {78} Qxa5 {6} 21. Qb3 {27} Bb5 {649} 22. Rxd5 {44}
Qc7 {42} 23. Rc5 {69} Qxc5 {137} 24. Bxc5 {3} Bxf1 {6} 25. Qxb7 {61} Rce8 {28}
26. g5 {31} Bd8 {86} 27. Bd6 {21} Re1 {98} 28. Kd2 {28} R1e6 {21} 29. Bc5 {39}
Re4 {144} 30. Bf3 {35} Rxf4 {65} 31. Be3 {12} Rh4 {71} 32. Bc6 {45} Rxh2+ {21}
33. Ke1 {14} Rxe3+ {212} 34. Kxf1 {0} Rhe2 {67} 35. Qb8 {78} Re1+ {259} 36. Kf2
{0} R1e2+ {12} 37. Kf1 {0} Re1+ {46} 38. Kf2 {21} 1/2-1/2

[Event "TOP 12 Feminin 2023 Phase 1"]
[Site "MULHOUSE, France"]
[Date "2023.05.18"]
[Round "1.3"]
[White "PARTAC (, Elena"]
[Black "IGLESIAS, Yosha"]
[Result "0-1"]
[ECO "B13"]
[WhiteElo "2088"]
[BlackElo "2199"]
[PlyCount "68"]
[EventDate "2023.??.??"]
[WhiteTeam "Chalons en Champagne"]
[BlackTeam "Asnieres sur Seine"]
[TimeControl "90+30"]

1. e4 {7} c6 {13} 2. d4 {17} d5 {12} 3. exd5 {33} cxd5 {9} 4. Bd3 {6} Nf6 {255}
5. c3 {0} Bg4 {0} 6. Qb3 {0} Qc7 {457} 7. Ne2 Bxe2 {0} 8. Bxe2 {0} e6 {483} 9.
Nd2 {0} Nc6 {706} 10. Nf3 {0} Bd6 {0} 11. Bd3 {0} O-O {858} 12. h3 {0} Rae8 {
388} 13. O-O {0} Ne4 {516} 14. Qd1 {2375} f5 {268} 15. c4 {244} h6 {506} 16. b3
{692} g5 {998} 17. Bb2 {37} a6 {380} 18. Rc1 {681} Bf4 {62} 19. Rb1 {249} Rf7 {
228} 20. a3 {107} Rg7 {33} 21. Bxe4 {54} fxe4 {32} 22. Ne5 {35} Bxe5 {391} 23.
dxe5 {7} d4 {276} 24. Qh5 {85} Rf8 {65} 25. Rbe1 {44} Qxe5 {18} 26. Qxh6 {32}
Rf4 {315} 27. Qh5 {32} Rh4 {90} 28. f4 {30} Rxh5 {59} 29. fxe5 {3} e3 {9} 30.
b4 {57} g4 {8} 31. h4 {31} Rxh4 {18} 32. Rf4 {21} Rgh7 {18} 33. Kf1 {19} Rh1+ {
25} 34. Ke2 {2} d3+ {15} 0-1

[Event "TOP 12 Feminin 2023 Phase 1"]
[Site "MULHOUSE, France"]
[Date "2023.05.18"]
[Round "1.4"]
[White "MOINGT, Anne"]
[Black "MORACCHINI, Margaux"]
[Result "1/2-1/2"]
[ECO "B92"]
[WhiteElo "2035"]
[BlackElo "1990"]
[PlyCount "75"]
[EventDate "2023.??.??"]
[WhiteTeam "Asnieres sur Seine"]
[BlackTeam "Chalons en Champagne"]
[TimeControl "90+30"]

1. e4 {1} c5 {9} 2. Nf3 {17} d6 {24} 3. d4 {23} cxd4 {25} 4. Nxd4 {4} Nf6 {126}
5. Nc3 {0} a6 {0} 6. Be2 {121} e5 {0} 7. Nb3 {0} Be6 {0} 8. O-O {458} Be7 {0}
9. Qd3 {0} O-O {505} 10. Bd2 {55} Nbd7 {283} 11. Nd5 {0} Bxd5 12. exd5 {0} Nc5
{373} 13. Nxc5 {273} dxc5 {5} 14. c4 {794} Qc7 {445} 15. Bc3 {774} Bd6 {455}
16. h3 {616} Rae8 {577} 17. Qf5 {817} Qd7 {231} 18. Qxd7 {331} Nxd7 {5} 19. a3
{41} f5 {225} 20. Rfe1 {406} Nf6 {221} 21. Bd1 {221} Ne4 {193} 22. Ba5 {33} Rb8
{616} 23. Bb6 {91} g6 {392} 24. Rc1 {47} Rbc8 {104} 25. Ba4 {28} Rf7 {64} 26.
f3 {528} Nf6 {31} 27. b4 {26} Nd7 {332} 28. Bxd7 {210} Rxd7 {5} 29. bxc5 {159}
Bxc5+ {13} 30. Bxc5 {3} Rxc5 {5} 31. Rxe5 {164} b5 {122} 32. Re6 {19} Rxc4 {140
} 33. Rxc4 {23} bxc4 {5} 34. Rxa6 {38} Rxd5 {6} 35. Rc6 {54} Ra5 {27} 36. Rxc4
{47} Rxa3 {4} 37. Rc7 {31} Ra6 {62} 38. Kf2 {87} 1/2-1/2

[Event "TOP 12 Feminin Phase 1"]
[Site "MULHOUSE, France"]
[Date "2023.05.18"]
[Round "1.5"]
[White "KHADEMALSHARIEH, Sarasadat"]
[Black "BULMAGA, Irina"]
[Result "1/2-1/2"]
[ECO "D37"]
[WhiteElo "2490"]
[BlackElo "2422"]
[Annotator ",jmourgues41@gmail.co"]
[PlyCount "61"]
[EventDate "2023.??.??"]
[WhiteTeam "Clichy"]
[BlackTeam "Cannes"]
[TimeControl "90+30"]

1. d4 {5} Nf6 {10} 2. c4 {12} e6 {5} 3. Nf3 {8} d5 {14} 4. Nc3 {14} Be7 {9} 5.
Bf4 {20} O-O {250} 6. e3 {0} b6 {0} 7. Be2 {0} dxc4 8. Bxc4 {0} Ba6 {0} 9. Bxa6
Nxa6 {0} 10. O-O {458} c5 {0} 11. Qe2 {0} Qc8 {469} 12. Rac1 {0} Qb7 {51} 13.
Rfd1 {669} Rac8 {172} 14. Nb5 {581} cxd4 {1222} 15. Nfxd4 {150} Nc5 {630} 16.
Nd6 {194} Bxd6 {15} 17. Bxd6 {5} Rfd8 {101} 18. Bxc5 {53} Rxc5 {98} 19. Rxc5 {
212} bxc5 {6} 20. Nb3 {27} Rxd1+ {41} 21. Qxd1 {6} h6 {208} 22. Qd8+ {93} Kh7 {
7} 23. Qd3+ {65} Kg8 {77} 24. h3 {147} Qb6 {345} 25. Qc3 {532} Nd7 {58} 26. Na5
{85} Qd6 {101} 27. Qc2 {348} Qd5 {123} 28. a3 {730} Ne5 {292} 29. e4 {0} Qd4 {
30} 30. Nb3 {45} Qc4 {27} 31. Qxc4 {288} 1/2-1/2

[Event "TOP 12 Feminin 2023 Phase 1"]
[Site "MULHOUSE, France"]
[Date "2023.05.18"]
[Round "1.6"]
[White "BENDSDORP-DE LABACA, Marlies"]
[Black "BENMESBAH, Natacha"]
[Result "0-1"]
[ECO "A49"]
[WhiteElo "2217"]
[BlackElo "2261"]
[PlyCount "80"]
[EventDate "2023.??.??"]
[WhiteTeam "Cannes"]
[BlackTeam "Clichy"]
[TimeControl "90+30"]

1. d4 {3} Nf6 {4} 2. Nf3 {6} g6 {328} 3. g3 {0} Bg7 {0} 4. Bg2 {0} O-O {0} 5.
O-O {0} d6 {0} 6. b3 {0} e5 {927} 7. Bb2 {0} e4 {137} 8. Ne1 {0} d5 {193} 9. c4
{0} c6 {391} 10. Nc3 {0} Ng4 {608} 11. Nc2 {0} Be6 {696} 12. f3 {0} exf3 {1600}
13. exf3 {0} Nh6 {125} 14. c5 {0} Bf5 {755} 15. Ne3 {0} Re8 {349} 16. Qd2 {0}
Qf6 {457} 17. Rad1 {0} Na6 {277} 18. Rfe1 {0} Bd7 {1218} 19. Na4 {0} Nc7 {389}
20. Nc3 {0} Ne6 {359} 21. Na4 {0} Re7 {419} 22. b4 {0} Rae8 {269} 23. Ng4 {108}
Nxg4 {574} 24. fxg4 {379} Ng5 {0} 25. Rf1 {57} Re2 {5} 26. Rxf6 {99} Rxd2 {4}
27. Rxd2 {13} Bxf6 {4} 28. h3 {305} h5 {99} 29. gxh5 {115} Nxh3+ {222} 30. Kh2
{6} Bg5 {44} 31. Rd1 {134} Nf2 {13} 32. Rf1 {105} Re2 {166} 33. hxg6 {24} fxg6
{16} 34. Bc1 {53} Bxc1 {248} 35. Rxc1 {19} Nd3 {45} 36. Rb1 {16} Ne1 {16} 37.
Rb2 {4} Nf3+ {60} 38. Kh1 {3} Re1+ {4} 39. Bf1 {23} Bh3 {11} 40. Rf2 {23} Rxf1+
{7} 0-1

[Event "TOP 12 Feminin 2023 Phase 1"]
[Site "MULHOUSE, France"]
[Date "2023.05.18"]
[Round "1.7"]
[White "BROLY, Mathilde"]
[Black "CHOISY , Mathilde"]
[Result "1/2-1/2"]
[ECO "A38"]
[WhiteElo "2115"]
[BlackElo "2109"]
[PlyCount "48"]
[EventDate "2023.??.??"]
[WhiteTeam "Clichy"]
[BlackTeam "Cannes"]
[TimeControl "90+30"]

1. c4 {4} Nf6 {7} 2. g3 {48} g6 {5} 3. Bg2 {281} Bg7 {0} 4. Nf3 {0} O-O 5. O-O
{458} c5 6. Nc3 {0} Nc6 {217} 7. a3 {0} d5 {267} 8. cxd5 {0} Nxd5 {0} 9. Nxd5
Qxd5 {0} 10. d3 {527} Qh5 {950} 11. Rb1 {697} Rd8 {795} 12. Qc2 {618} Bg4 {296}
13. Be3 {289} Nd4 {216} 14. Bxd4 {26} cxd4 {39} 15. b4 {243} Rdc8 {1089} 16.
Qa4 {629} Rc3 {49} 17. Rfd1 {318} a6 {295} 18. b5 {244} Qc5 {67} 19. bxa6 {205}
Rxa3 {162} 20. Qb4 {182} Qxb4 {162} 21. Rxb4 {7} R3xa6 {551} 22. Rxb7 {144} Ra1
{152} 23. Rdb1 {88} Rxb1+ {26} 24. Rxb1 {23} Bxf3 {93} 1/2-1/2

[Event "TOP 12 Feminin 2023 Phase 1"]
[Site "MULHOUSE, France"]
[Date "2023.05.18"]
[Round "1.8"]
[White "NEEL , Laura"]
[Black "BONVALOT, Isabelle"]
[Result "0-1"]
[ECO "B15"]
[WhiteElo "1664"]
[BlackElo "1889"]
[PlyCount "84"]
[EventDate "2023.??.??"]
[WhiteTeam "Cannes"]
[BlackTeam "Clichy"]
[TimeControl "90+30"]

1. e4 {3} g6 {9} 2. d4 {4} Bg7 {3} 3. Nc3 {8} c6 {7} 4. Be3 {13} d5 {15} 5. e5
{275} Nh6 {0} 6. Qd2 {457} Nf5 7. Bf4 h5 {217} 8. Nf3 {0} b5 {267} 9. a3 a5 {
706} 10. Bd3 {120} Qb6 {179} 11. Ne2 {786} Na6 {110} 12. Bxf5 {303} Bxf5 {10}
13. Ng3 {5} Bg4 {402} 14. Ng5 {158} h4 {117} 15. Nf1 {130} f6 {290} 16. exf6 {
699} exf6 {46} 17. Nf3 {41} Bxf3 {48} 18. gxf3 {12} Kf7 {165} 19. h3 {213}
Rae8+ {54} 20. Ne3 {17} f5 {47} 21. O-O-O {36} b4 {118} 22. a4 {37} Nc7 {69}
23. Rhg1 {177} Bf6 {652} 24. Qd3 {589} Ne6 {387} 25. Be5 {775} Bxe5 {178} 26.
dxe5 {7} Nf4 {69} 27. Qf1 {20} Rxe5 {112} 28. Rg5 {90} Rhe8 {69} 29. Qh1 {117}
Qc5 {90} 30. Kb1 {46} Ne2 {211} 31. Re1 {66} d4 {99} 32. Ng2 {38} b3 {115} 33.
cxb3 {318} Qe7 {99} 34. f4 {102} Re4 {69} 35. f3 {33} Re6 {8} 36. Ka1 {24} Qb4
{66} 37. Nxh4 {62} Qxb3 {42} 38. Rd1 {79} Qxa4+ {28} 39. Kb1 {5} Rb8 {98} 40.
Rd3 {40} Nc3+ {36} 41. Rxc3 {8} dxc3 {11} 42. Rg2 {44} Rd6 {21} 0-1

[Event "TOP 12 Feminin 2023 Phase 1"]
[Site "MULHOUSE, France"]
[Date "2023.05.18"]
[Round "1.9"]
[White "SEBAG , Marie"]
[Black "DJIDJELI, Sarah"]
[Result "1/2-1/2"]
[ECO "B31"]
[WhiteElo "2430"]
[BlackElo "2028"]
[PlyCount "51"]
[EventDate "2023.??.??"]
[WhiteTeam "Bischwiller"]
[BlackTeam "Lyon"]
[TimeControl "90+30"]

1. e4 {2} c5 {4} 2. Nf3 {9} Nc6 {5} 3. Bb5 {41} g6 {5} 4. O-O {284} Bg7 {0} 5.
c3 Nf6 {0} 6. Re1 {0} O-O {0} 7. d4 {286} d5 {0} 8. e5 {172} Ne4 {0} 9. Be3 {0}
Qb6 10. Bxc6 Qxc6 {0} 11. dxc5 {252} Nxc5 {369} 12. Na3 {351} Ne6 {885} 13. Nc2
{146} Rd8 {429} 14. Qd2 {141} b5 {431} 15. Bh6 {1536} a5 {369} 16. Ncd4 {436}
Qb7 {594} 17. h4 {1011} Qd7 {572} 18. Bxg7 {482} Kxg7 {80} 19. Rad1 {620} Ra6 {
219} 20. Nxe6+ {131} Qxe6 {107} 21. Qe3 {228} b4 {28} 22. cxb4 {32} axb4 {9}
23. Qc5 {18} Rxa2 {179} 24. Nd4 {39} Qd7 {56} 25. e6 {86} Qd6 {13} 26. Qc1 {606
} 1/2-1/2

[Event "TOP 12 Feminin 2023 Phase 1"]
[Site "MULHOUSE, France"]
[Date "2023.05.18"]
[Round "1.10"]
[White "ROLLOT , Florence"]
[Black "JAVAKHISHVILI, Lela"]
[Result "0-1"]
[ECO "A13"]
[WhiteElo "2027"]
[BlackElo "2446"]
[PlyCount "82"]
[EventDate "2023.??.??"]
[WhiteTeam "Lyon"]
[BlackTeam "Bischwiller"]
[TimeControl "90+30"]

1. Nf3 {4} Nf6 {12} 2. c4 {12} e6 {38} 3. g3 {30} d5 {253} 4. Qc2 {0} d4 {458}
5. Bg2 {0} c5 {0} 6. d3 {0} Nc6 7. Bg5 {217} Be7 {252} 8. Bxf6 Bxf6 {0} 9. O-O
{47} O-O {53} 10. Na3 {259} a6 {362} 11. Qd2 Rb8 {153} 12. Rfc1 {473} Qd6 {109}
13. Rab1 {578} Bd7 {385} 14. Ne1 {335} h6 {379} 15. Nec2 {39} Bg5 {116} 16. f4
{51} Be7 {50} 17. Rf1 {455} b5 {220} 18. Ne1 {227} b4 {212} 19. Nac2 {121} b3 {
16} 20. axb3 {34} Rxb3 {8} 21. Nf3 {327} Rfb8 {150} 22. Na1 {280} R3b4 {34} 23.
g4 {75} Bd8 {454} 24. g5 {229} Bc7 {246} 25. gxh6 {870} gxh6 {97} 26. Ne5 {38}
Nxe5 {509} 27. fxe5 {2} Qf8 {399} 28. Rf6 {14} Bxe5 {116} 29. Rxh6 {8} Rxb2 {
178} 30. Rxb2 {58} Rxb2 {6} 31. Qg5+ {8} Bg7 {38} 32. Be4 {107} f5 {491} 33.
Bf3 {22} Rb6 {282} 34. Qg6 {153} Qe7 {263} 35. Nc2 {74} Be8 {95} 36. Qh7+ {3}
Kf8 {4} 37. Rh3 {36} Qg5+ {38} 38. Rg3 {4} Qh6 {33} 39. Qxh6 {59} Bxh6 {3} 40.
h4 {47} Rb2 {13} 41. Ne1 {21} Rb1 {18} 0-1

[Event "TOP 12 Feminin 2023 Phase 1"]
[Site "MULHOUSE, France"]
[Date "2023.05.18"]
[Round "1.11"]
[White "MAISURADZE, Nino"]
[Black "RILLER , Dounia"]
[Result "1-0"]
[ECO "D05"]
[WhiteElo "2275"]
[BlackElo "1771"]
[PlyCount "35"]
[EventDate "2023.??.??"]
[WhiteTeam "Bischwiller"]
[BlackTeam "Lyon"]
[TimeControl "90+30"]

1. d4 {3} Nf6 {22} 2. Nf3 {18} e6 {305} 3. e3 {0} c5 {458} 4. Bd3 {0} d5 {0} 5.
b3 {0} cxd4 {0} 6. exd4 {0} Bd6 {0} 7. O-O {217} O-O {0} 8. Re1 {252} b6 {154}
9. Qe2 {78} a5 {133} 10. Ne5 {492} a4 {116} 11. Bb2 {211} a3 {205} 12. Bc1 {24}
Ba6 {14} 13. c4 {420} dxc4 {22} 14. bxc4 {31} Bb4 {23} 15. Rd1 {35} Kh8 {220}
16. Bg5 {400} h6 {699} 17. Bxf6 {100} Qxd4 {105} 18. Nxf7+ {79} 1-0

[Event "TOP 12 Feminin 2023 Phase 1"]
[Site "MULHOUSE, France"]
[Date "2023.05.18"]
[Round "1.12"]
[White "RAJAU , Ines"]
[Black "BELLAHCENE, Meriem"]
[Result "0-1"]
[ECO "C41"]
[WhiteElo "1129"]
[BlackElo "1829"]
[PlyCount "66"]
[EventDate "2023.??.??"]
[WhiteTeam "Lyon"]
[BlackTeam "Bischwiller"]
[TimeControl "90+30"]

1. e4 {2} d6 {2} 2. d4 {20} Nf6 {3} 3. Nc3 {32} Nbd7 {4} 4. Nf3 {282} e5 {0} 5.
d5 {0} Be7 {5} 6. Bb5 {0} a6 {0} 7. Ba4 {0} b5 {0} 8. Bb3 {0} b4 {0} 9. Ne2 {
458} Nxe4 {0} 10. O-O {0} O-O {0} 11. Be3 {0} Bb7 {217} 12. Qd3 {344} Ndc5 {28}
13. Bxc5 {0} Nxc5 {65} 14. Qd2 {82} a5 {117} 15. c3 {338} bxc3 {854} 16. Nxc3 {
395} Nxb3 {366} 17. axb3 {51} c6 {290} 18. Rfe1 {609} Qb6 {149} 19. Ra3 {142}
Qc5 {468} 20. Rd1 {516} Rfc8 {238} 21. Na4 {432} Qa7 {177} 22. Nc3 {358} cxd5 {
242} 23. Nxd5 {21} Bxd5 {165} 24. Qxd5 {58} Qc5 {179} 25. Qxc5 {198} Rxc5 {53}
26. b4 {19} Rb5 {8} 27. Rxa5 {429} Rbxa5 {21} 28. bxa5 {17} Rxa5 {22} 29. Rc1 {
43} f6 {27} 30. Nh4 {28} g6 {291} 31. g4 {51} Ra4 {66} 32. h3 {20} f5 {26} 33.
f3 {73} Bxh4 {9} 0-1

[Event "TOP 12 Feminin 2023 Phase 1"]
[Site "MULHOUSE, France"]
[Date "2023.05.18"]
[Round "1.13"]
[White "DIEZ , Ambre"]
[Black "MUZYCHUK, Marya"]
[Result "0-1"]
[ECO "A37"]
[WhiteElo "1966"]
[BlackElo "2515"]
[PlyCount "88"]
[EventDate "2023.??.??"]
[WhiteTeam "Bordeaux"]
[BlackTeam "Mulhouse"]
[TimeControl "90+30"]

1. Nf3 {2} c5 {6} 2. g3 {10} Nc6 {11} 3. Bg2 {11} e5 {177} 4. d3 {116} g6 {0}
5. c4 {290} Bg7 {0} 6. Nc3 {5} Nge7 {0} 7. O-O {0} O-O {0} 8. Bd2 {174} d6 {0}
9. Qc1 {1192} a6 {0} 10. Rb1 {0} Rb8 {0} 11. a3 {0} b5 {0} 12. cxb5 {0} axb5 {0
} 13. b4 {0} cxb4 14. axb4 {0} d5 {0} 15. Bh6 {267} f6 {200} 16. Bxg7 {187}
Kxg7 {4} 17. Nd2 {147} Qd6 {91} 18. Qa3 {375} f5 {376} 19. Rfc1 {381} Rb6 {603}
20. Nb3 {438} d4 {433} 21. Nd1 {201} Ra6 {116} 22. Qb2 {65} Qxb4 {1218} 23. Nd2
{428} Qxb2 {111} 24. Rxb2 {20} b4 {0} 25. Nb3 {128} Rf6 {0} 26. e3 {455} Ra3 {0
} 27. f4 {611} Be6 {0} 28. Nc5 {1041} exf4 {9} 29. gxf4 {52} Bf7 {226} 30. Rcb1
{462} dxe3 {70} 31. Nxe3 {17} Rd6 {218} 32. Nc2 {239} Rc3 {23} 33. Na4 {127}
Rcxd3 {25} 34. Nxb4 {44} Nxb4 {7} 35. Rxb4 {7} Nd5 {45} 36. Bxd5 {105} R6xd5 {
42} 37. Nb6 {78} R5d4 {98} 38. Kg2 {386} Rd2+ {38} 39. Kg1 {10} Be6 {38} 40.
Na8 {170} Rd1+ {191} 41. Rxd1 {63} Rxb4 {3} 42. Nc7 {41} Bf7 {2} 43. Rd7 {156}
Kf6 {38} 44. Rd6+ {95} Ke7 {15} 0-1

[Event "TOP 12 Feminin 2023 Phase 1"]
[Site "MULHOUSE, France"]
[Date "2023.05.18"]
[Round "1.14"]
[White "NAVROTESCU, Andreea"]
[Black "DIEZ, Agathe"]
[Result "1/2-1/2"]
[ECO "A27"]
[WhiteElo "2252"]
[BlackElo "1902"]
[PlyCount "121"]
[EventDate "2023.??.??"]
[WhiteTeam "Mulhouse"]
[BlackTeam "Bordeaux"]
[TimeControl "90+30"]

1. c4 {3} e5 {12} 2. Nc3 {7} Nc6 {20} 3. Nf3 {9} Nge7 {40} 4. e4 {257} g6 {295}
5. h4 {0} h6 {1366} 6. d3 {0} Bg7 {0} 7. Nd5 {0} d6 {0} 8. Bd2 {0} f5 {667} 9.
h5 {178} g5 {79} 10. exf5 {36} Nxf5 {203} 11. Bc3 {641} Be6 {1388} 12. Be2 {103
} Qd7 {239} 13. Qb3 {314} Rb8 {99} 14. O-O {863} Qf7 {202} 15. Ne3 {246} Nfd4 {
256} 16. Bxd4 {65} exd4 {7} 17. Nd5 {176} O-O {545} 18. Nd2 {71} Be5 {329} 19.
Rae1 {360} g4 {524} 20. f4 {98} gxf3 {61} 21. Rxf3 {288} Qg7 {36} 22. Ne4 {181}
Rxf3 {229} 23. Bxf3 {2} Rf8 {7} 24. Rf1 {444} Bh3 {174} 25. Qc2 {35} Kh8 {21}
26. Qf2 {253} Bg4 {45} 27. Qe2 {12} Be6 {16} 28. Rc1 {477} a5 {46} 29. a3 {14}
Rf7 {66} 30. b4 {157} axb4 {11} 31. Nxb4 {1} Bf4 {29} 32. Rf1 {122} Be3+ {5}
33. Kh1 {52} Rf4 {15} 34. g3 {10} Rf8 {33} 35. Nc2 {62} Bh3 {36} 36. Bg2 {53}
Rxf1+ 37. Qxf1 {0} Bg4 {43} 38. Bf3 {82} Ne5 {32} 39. Bxg4 {17} Nxg4 {7} 40.
Qf5 {50} Ne5 {64} 41. Nf6 {68} Qf7 {15} 42. Qc8+ {91} Kg7 {6} 43. Ne8+ {31} Kh7
{5} 44. Qxc7 {12} Qxc7 {4} 45. Nxc7 {1} Nxd3 {7} 46. Nb5 {50} Nb2 {89} 47.
Nbxd4 {53} Bxd4 48. Nxd4 {0} Nxc4 {1365} 49. a4 {20} b6 {27} 50. Kg2 {33} Nb2 {
15} 51. Nb5 {25} d5 {25} 52. Nc7 {41} d4 {12} 53. Kf3 {16} d3 {51} 54. Ke3 {4}
Kg7 {22} 55. Nd5 {12} Nxa4 {19} 56. Kxd3 {2} Nc5+ {45} 57. Kd4 {40} Nd7 {12}
58. Kc4 {98} Nf6 {25} 59. Nf4 {31} Ne4 {34} 60. Ne2 {29} Nf6 {25} 61. Nf4 {13}
1/2-1/2

[Event "TOP 12 Feminin 2023 Phase 1"]
[Site "MULHOUSE, France"]
[Date "2023.05.18"]
[Round "1.15"]
[White "LE COZ , Marie-Sarah"]
[Black "RICHARD, Emma"]
[Result "1-0"]
[ECO "A46"]
[WhiteElo "1718"]
[BlackElo "2169"]
[PlyCount "83"]
[EventDate "2023.??.??"]
[WhiteTeam "Bordeaux"]
[BlackTeam "Mulhouse"]
[TimeControl "90+30"]

1. d4 {2} Nf6 {13} 2. Nf3 {7} e6 {6} 3. g3 {7} b5 {5} 4. Bg2 {14} Bb7 {6} 5.
O-O {28} Be7 {133} 6. a4 {115} b4 {0} 7. c4 {293} O-O {0} 8. b3 {10} c5 {166}
9. Bb2 {0} cxd4 10. Bxd4 {0} Na6 {0} 11. Nbd2 {0} Nc5 {0} 12. Qc2 {69} h6 {615}
13. Qb2 {215} d6 {478} 14. Rfd1 {957} Qc7 {225} 15. a5 {446} a6 {558} 16. Nf1 {
94} Rab8 {1374} 17. Ne3 {234} Ne8 {176} 18. Nc2 {248} Bf6 {317} 19. Bxf6 {358}
Nxf6 {56} 20. Nfd4 {309} Bxg2 {59} 21. Kxg2 {9} Rfd8 {683} 22. f3 {249} d5 {193
} 23. cxd5 {102} Nxd5 {53} 24. Rdc1 {518} Qe5 {230} 25. Rab1 {597} Rbc8 {92}
26. Ra1 {249} Ne3+ {263} 27. Nxe3 {77} Qxe3 {5} 28. Rc4 {41} g6 {155} 29. Rac1
{71} e5 {25} 30. Rxc5 {91} Rxc5 {3} 31. Rxc5 {6} Rxd4 {42} 32. Qc1 {47} Qxe2+ {
11} 33. Kh3 {0} Rd2 {54} 34. Rxe5 {35} Qxh2+ {45} 35. Kg4 {1} Rd4+ {45} 36. f4
{37} h5+ {16} 37. Kg5 {115} Qxg3+ {10} 38. Kh6 {13} Rd8 {14} 39. Re7 {60} Qh4 {
84} 40. Qc7 {24} Rf8 {6} 41. Qe5 {35} f6 {31} 42. Qe6+ {13} 1-0

[Event "TOP 12 Feminin 2023 Phase 1"]
[Site "MULHOUSE, France"]
[Date "2023.05.18"]
[Round "1.16"]
[White "NEUHAUSER, Salome"]
[Black "MATA , Maria"]
[Result "0-1"]
[ECO "C28"]
[WhiteElo "2077"]
[BlackElo "1720"]
[PlyCount "84"]
[EventDate "2023.??.??"]
[WhiteTeam "Mulhouse"]
[BlackTeam "Bordeaux"]
[TimeControl "90+30"]

1. e4 {9} e5 {14} 2. Bc4 {6} Nf6 {180} 3. Nc3 {0} Bc5 {119} 4. d3 {0} Nc6 {464}
5. Bg5 {1187} Na5 {0} 6. Nd5 {0} Nxc4 7. dxc4 {0} Bxf2+ {0} 8. Kf1 {207} Bc5 {
285} 9. Nf3 {571} h6 {695} 10. Nxf6+ {532} gxf6 {41} 11. Bh4 {9} Qe7 {403} 12.
Qd3 {556} d6 {1392} 13. c3 {449} a5 {42} 14. Nd2 {560} Qe6 {102} 15. h3 {815}
Rg8 {473} 16. Qf3 {221} f5 {145} 17. Ke2 {71} fxe4 {463} 18. Nxe4 {37} Qxc4+ {7
} 19. Ke1 {105} Rg6 {90} 20. Rf1 {59} f5 {187} 21. Nf6+ {277} Kf7 {16} 22. Qh5
{95} Be6 {244} 23. Rf3 {109} Kg7 {110} 24. b3 {51} Qb5 {160} 25. Rg3 {62} Rxg3
{56} 26. Bxg3 {1} Kxf6 {48} 27. Qxh6+ {2} Ke7 {22} 28. Qg7+ {31} Bf7 {78} 29.
Bh4+ {21} Ke6 {32} 30. Qf6+ {15} Kd7 {50} 31. Qxf7+ {31} Kc6 {15} 32. Qxf5 {64}
Kb6 {56} 33. Rd1 {402} Rg8 {35} 34. g3 {80} e4 {17} 35. Qf7 {126} Re8 {32} 36.
Bf6 {34} e3 {22} 37. Bd4 {37} Bxd4 {33} 38. Rxd4 {1} Qe5 {29} 39. Ke2 {54} Re6
{47} 40. Rc4 {32} d5 {29} 41. Rg4 {32} Rf6 {18} 42. Rg6 {24} Qh5+ {11} 0-1